 Dungeon Crawl Stone Soup version 0.28-a0-1510-gd0f6b136d3 (webtiles) character file.

Game seed: 873286211121484942

8289 Gargoyl the Fighter (level 11, -5/89 HPs)
             Began as a Gnoll Abyssal Knight on Jan 15, 2022.
             Was a Priest of Lugonu.
             Slain by a cane toad (7 damage)
             ... on level 1 of the Lair of Beasts.
             The game lasted 00:18:31 (12309 turns).

Gargoyl the Fighter (Gnoll Abyssal Knight)         Turns: 12309, Time: 00:18:32

Health: -5/89      AC: 24    Str: 17    XL:     11   Next: 28%
Magic:  13/20      EV:  9    Int: 10    God:    Lugonu [***...]
Gold:   892        SH:  5    Dex: 12    Spells: 22/22 levels left

rFire   . . .      SeeInvis .   a - +4 hand axe
rCold   . . .      Faith    .   (no shield)
rNeg    + . .      Spirit   .   s - +1 chain mail
rPois   .          Reflect  +   u - +0 helmet
rElec   .          Harm     .   l - +2 cloak
rCorr   .          Rampage  .   z - +3 pair of gauntlets of War {Slay+5}
Will    .....                   c - +2 pair of boots
Stlth   ..........              n - amulet of reflection
HPRegen 0.24/turn               i - ring of flight
MPRegen 0.17/turn               j - ring of positive energy

@: flying
A: fangs 1, strong nose, distributed training
a: Renounce Religion, Depart the Abyss, Bend Space, Banish


You were on level 1 of the Lair of Beasts.
You worshipped Lugonu.
Lugonu was most pleased with you.
You visited 2 branches of the dungeon, and saw 11 of its levels.
You visited the Abyss 1 time.

You collected 1635 gold pieces.
You spent 743 gold pieces at shops.

Inventory:

Hand Weapons
 a - a +4 hand axe (weapon)
 b - the +6 arbalest "Damnation" {damnation}
   (You acquired it on level 4 of the Dungeon)

   Any ammunition fired from it explodes in a burst of damnation on striking a
   foe, dealing damage which bypasses armour.
Missiles
 g - 12 poisoned darts (quivered)
 h - 112 bolts
 t - 2 throwing nets
Armour
 c - a +2 pair of boots (worn)
 l - a +2 cloak (worn)
 s - a +1 chain mail (worn)
 u - a +0 helmet (worn)
 z - the +3 pair of gauntlets of War (worn) {Slay+5}
   (You bought it in a shop on level 6 of the Dungeon)

   Slay:      It affects your accuracy & damage with ranged weapons and melee
   (+5).
Jewellery
 i - a ring of flight (left hand)
 j - a ring of positive energy (right hand)
 m - a ring of poison resistance
 n - an amulet of reflection (around neck)
 o - a ring of resist corrosion
Wands
 e - a wand of polymorph (5)
 x - a wand of charming (10)
Scrolls
 d - a scroll of holy word
 r - 3 scrolls of teleportation
 v - 2 scrolls of fear
 y - a scroll of magic mapping
 B - 3 scrolls of fog
Potions
 f - a potion of curing
 k - 2 potions of brilliance
 p - a potion of might
 q - a potion of berserk rage
 w - a potion of mutation {unknown}
 A - 2 potions of invisibility {unknown}
 C - a potion of lignification {unknown}


   Skills:
 + Level 9.1 Fighting
 + Level 6.1 Short Blades
 + Level 6.1 Long Blades
 + Level 7.7 Axes
 + Level 6.1 Maces & Flails
 + Level 6.1 Polearms
 + Level 6.1 Staves
 + Level 6.1 Slings
 + Level 6.1 Bows
 + Level 6.1 Crossbows
 + Level 6.1 Throwing
 + Level 7.7 Armour
 + Level 6.7 Dodging
 + Level 6.1 Stealth
 + Level 6.1 Shields
 + Level 6.1 Unarmed Combat
 + Level 6.1 Spellcasting
 + Level 5.1 Conjurations
 + Level 5.1 Hexes
 + Level 5.1 Summonings
 + Level 5.1 Necromancy
 + Level 5.1 Translocations
 + Level 5.1 Transmutations
 + Level 5.1 Fire Magic
 + Level 5.1 Ice Magic
 + Level 5.1 Air Magic
 + Level 5.1 Earth Magic
 + Level 5.1 Poison Magic
 + Level 8.2 Invocations
 + Level 6.1 Evocations


You had 22 spell levels left.
You didn't know any spells.
Your spell library contained the following spells:

 Spells                   Type           Power      Damage    Failure   Level
 Pain                     Necr           52%        1d6       28%         1
 Ozocubu's Armour         Ice            13%        N/A       63%         3
 Summon Guardian Golem    Hex/Summ       13%        N/A       63%         3
 Fulminant Prism          Conj/Hex       6%         3d7       95%         4
 Iskenderun's Mystic Bla  Conj/Tloc      13%        2d5       95%         4
 Agony                    Necr           13%        N/A       100%        5
 Excruciating Wounds      Necr           6%         N/A       100%        5
 Lee's Rapid Deconstruct  Erth           6%         3d7*      100%        5
 Orb of Destruction       Conj           6%         9d6       100%        7
 Ozocubu's Refrigeration  Ice            6%         4d6       100%        7
 Spellforged Servitor     Conj/Summ      6%         N/A       100%        7


Dungeon Overview and Level Annotations

Branches:
Dungeon (10/15)            Temple (0/1) D:6            Lair (1/6) D:9
    Orc (0/2) D:10

Altars:
Ashenzari
Makhleb
Ru
Trog
Yredelemnul
Zin

Shops:
D:4 *   D:6 [

Annotations:
Abyss:1 Grum


Innate Abilities, Weirdness & Mutations

You have very sharp teeth.
Your uncanny sense of smell can sniff out nearby items.
Your experience applies equally to all skills.


Message History

The cane toad stings you!
* * * LOW HITPOINT WARNING * * *
You are poisoned.
The cane toad poisons you! Grum barely misses you.
You hit the cane toad.
The cane toad is severely wounded.
* * * LOW HITPOINT WARNING * * *
You feel very sick. The cane toad closely misses you.
Grum hits you from afar with a -1 spear.
* * * LOW HITPOINT WARNING * * *
Unknown command.
* * * LOW HITPOINT WARNING * * *
You feel very sick. The cane toad closely misses you. The cane toad stings you.
* * * LOW HITPOINT WARNING * * *
You are more poisoned.
The cane toad poisons you!
Unknown command.
You feel better. Grum closely misses you. The cane toad stings you.
* * * LOW HITPOINT WARNING * * *
You are lethally poisoned!
The cane toad poisons you!
Unknown command.
Press: ? - help, Shift-Dir - straight line, f - Grum
Aim: Grum, wielding a -1 spear and wearing a +0 animal skin (heavily wounded, chance to affect: 89%) Grum is devoured by a tear in reality.
Lugonu claims a new guest.
You can no longer corrupt the fabric of space.
* * * LOW HITPOINT WARNING * * *
You feel very sick. The cane toad closely misses you.
Space bends sharply around you!
The cane toad blinks!
You blink.
* * * LOW HITPOINT WARNING * * *
You feel very sick.
You feel better. The cane toad stings you!
* * * LOW HITPOINT WARNING * * *
Space bends sharply around you!
The cane toad blinks!
You blink.
Space bends around you!
You blink.
The cane toad stings you!
You die...

#.#.............(... ..
(...†.......#.^....###.P#?#...
...##....#....................
...##...#.....................
...##.........................
...##...#.......................#
................................#
.......#P..P.....................
...............@F......# .......
......#..........§.....##.......
##..................†)§#......#
#####.....#.......§§#.......#
##...##........§.§......#
#.P.##..................
#P....#.................. ##...
..................# ...
...................#


You could see a cane toad.

Vanquished Creatures
  Erolcha (D:9)
  A two-headed ogre (D:9)
  Nergalle (Lair:1)
  The ghost of grgax the Sneak, a novice OpFE of Jiyva (D:7)
  3 cane toads (Lair:1)
  Maggie (Lair:1)
  A wraith (D:10)
  A steam dragon (D:8)
  The ghost of flestrin the Covert, an amateur KoBr (D:3)
  An acid dragon (D:9)
  An ice beast (D:6)
  A hornet zombie (D:9)
  A black bear (D:4)
  A sky beast (D:8)
  7 wolves (Lair:1)
  3 necrophages
  3 ogres
  3 centaurs
  2 phantoms
  The ghost of kelmiir the Digger, an amateur OpEE (D:3)
  A kobold brigand (D:6)
  4 bullfrogs
  5 scorpions
  A wyvern skeleton (D:7)
  A water moccasin skeleton (D:5)
  8 killer bees
  3 wights (D:10)
  2 bullfrog zombies (D:6)
  A crimson imp (D:7)
  3 hounds
  A centaur zombie (D:8)
  A jelly (D:4)
  2 bullfrog skeletons
  An orc priest (D:6)
  2 centaur skeletons (D:7)
  3 gnoll shamans
  An iguana (D:3)
  2 orc wizards (D:8)
  A centaur simulacrum (D:7)
  2 howler monkey skeletons
  17 gnolls
  5 adders
  A white imp (D:7)
  2 worms (D:4)
  3 dart slugs
  11 orcs
  5 endoplasms
  A giant cockroach (D:4)
  7 goblins
  5 hobgoblins
  2 jackals (D:1)
  9 kobolds
  5 quokkas
  3 ball pythons
  5 bats
  2 frilled lizards
  7 rats
170 creatures vanquished.

Vanquished Creatures (collateral kills)
  A giant cockroach (D:3)
1 creature vanquished.

Vanquished Creatures (others)
  A fungus (Lair:1)
  4 plants (Lair:1)
  6 withered plants (D:3)
11 creatures vanquished.

Grand Total: 182 creatures vanquished

Notes
Turn   | Place    | Note
-------+----------+-------------------------------------------
     0 | Abyss:1  | Gargoyl the Gnoll Abyssal Knight began the quest for the
                  | Orb.
     0 | Abyss:1  | Reached XP level 1. HP: 23/23 MP: 3/3
    57 | D:1      | Escaped the Abyss
   264 | D:1      | Reached XP level 2. HP: 27/29 MP: 5/5
   824 | D:1      | Found a faded altar of an unknown god.
  1097 | D:2      | Reached XP level 3. HP: 26/35 MP: 6/6
  1247 | D:2      | Reached * piety under Lugonu
  2212 | D:3      | Reached skill level 1 in Short Blades
  2212 | D:3      | Reached skill level 1 in Long Blades
  2212 | D:3      | Reached skill level 1 in Maces & Flails
  2212 | D:3      | Reached skill level 1 in Polearms
  2212 | D:3      | Reached skill level 1 in Staves
  2212 | D:3      | Reached skill level 1 in Slings
  2212 | D:3      | Reached skill level 1 in Bows
  2212 | D:3      | Reached skill level 1 in Crossbows
  2212 | D:3      | Reached skill level 1 in Throwing
  2212 | D:3      | Reached skill level 1 in Stealth
  2212 | D:3      | Reached skill level 1 in Shields
  2212 | D:3      | Reached skill level 1 in Unarmed Combat
  2212 | D:3      | Reached skill level 1 in Spellcasting
  2212 | D:3      | Reached skill level 1 in Evocations
  2218 | D:3      | Reached XP level 4. HP: 11/41 MP: 7/7
  2734 | D:3      | Found a runed translucent gate.
  2734 | D:3      | Found a runed translucent gate.
  2734 | D:3      | Found a runed translucent gate.
  2738 | D:3      | Noticed kelmiir's ghost (amateur OpEE)
  2738 | D:3      | Noticed flestrin's ghost (amateur KoBr)
  2746 | D:3      | Reached skill level 1 in Conjurations
  2746 | D:3      | Reached skill level 1 in Hexes
  2746 | D:3      | Reached skill level 1 in Summonings
  2746 | D:3      | Reached skill level 1 in Necromancy
  2746 | D:3      | Reached skill level 1 in Translocations
  2746 | D:3      | Reached skill level 1 in Transmutations
  2746 | D:3      | Reached skill level 1 in Fire Magic
  2746 | D:3      | Reached skill level 1 in Ice Magic
  2746 | D:3      | Reached skill level 1 in Air Magic
  2746 | D:3      | Reached skill level 1 in Earth Magic
  2746 | D:3      | Reached skill level 1 in Poison Magic
  3208 | D:3      | Found a bloodstained altar of Trog.
  3453 | D:3      | Killed flestrin's ghost
  3454 | D:3      | Reached skill level 5 in Invocations
  3454 | D:3      | Reached XP level 5. HP: 31/47 MP: 8/8
  3460 | D:3      | Killed kelmiir's ghost
  3461 | D:3      | Reached XP level 6. HP: 36/53 MP: 9/9
  3876 | D:4      | Reached skill level 5 in Axes
  3876 | D:4      | Reached skill level 5 in Armour
  4218 | D:4      | Reached ** piety under Lugonu
  4238 | D:4      | Identified a scroll of acquirement
  4239 | D:4      | Acquired the +6 arbalest "Damnation" {damnation}
  4239 | D:4      | Found the +6 arbalest "Damnation" {damnation}
  4894 | D:5      | Entered Level 5 of the Dungeon
  4911 | D:5      | Reached skill level 7 in Fighting
  4911 | D:5      | Reached XP level 7. HP: 60/60 MP: 10/10
  5174 | D:4      | Found Qoocsig's Assorted Antiques.
  5177 | D:4      | Bought a chain mail for 126 gold pieces
  5640 | D:4      | Reached XP level 8. HP: 33/67 MP: 12/12
  6761 | D:6      | Found Neguised's Armour Boutique.
  6768 | D:6      | Found a staircase to the Ecumenical Temple.
  7474 | D:6      | Reached *** piety under Lugonu
  7542 | D:6      | Reached XP level 9. HP: 66/72 MP: 14/14
  7896 | D:7      | Acquired 878 gold pieces
  7969 | D:6      | Bought the +3 pair of gauntlets of War {Slay+5} for 617
                  | gold pieces
  7969 | D:6      | Found the +3 pair of gauntlets of War {Slay+5}
  8111 | D:7      | Found a burning altar of Makhleb.
  8378 | D:7      | Found a basalt altar of Yredelemnul.
  8536 | D:7      | Found a runed translucent gate.
  8536 | D:7      | Found a runed translucent gate.
  8536 | D:7      | Found a runed translucent gate.
  8538 | D:7      | Noticed grgax's ghost (novice OpFE)
  8543 | D:7      | Reached skill level 5 in Dodging
  8747 | D:7      | Killed grgax's ghost
  8748 | D:7      | Reached skill level 8 in Fighting
  9155 | D:8      | Found a glowing silver altar of Zin.
  9256 | D:8      | Found a broken altar of Ashenzari.
  9749 | D:9      | Noticed Erolcha
  9760 | D:9      | Reached XP level 10. HP: 79/80 MP: 17/17
  9871 | D:9      | Killed Erolcha
  9872 | D:9      | Reached skill level 5 in Short Blades
  9872 | D:9      | Reached skill level 5 in Long Blades
  9872 | D:9      | Reached skill level 5 in Maces & Flails
  9872 | D:9      | Reached skill level 5 in Polearms
  9872 | D:9      | Reached skill level 5 in Staves
  9872 | D:9      | Reached skill level 5 in Slings
  9872 | D:9      | Reached skill level 5 in Bows
  9872 | D:9      | Reached skill level 5 in Crossbows
  9872 | D:9      | Reached skill level 5 in Throwing
  9872 | D:9      | Reached skill level 5 in Stealth
  9872 | D:9      | Reached skill level 5 in Shields
  9872 | D:9      | Reached skill level 5 in Unarmed Combat
  9872 | D:9      | Reached skill level 5 in Spellcasting
  9872 | D:9      | Reached skill level 5 in Evocations
 10127 | D:9      | Found a staircase to the Lair.
 10341 | D:9      | Reached **** piety under Lugonu
 10353 | D:9      | Noticed a two-headed ogre
 10356 | D:9      | Killed a two-headed ogre
 10960 | D:10     | Entered Level 10 of the Dungeon
 11049 | D:10     | Found a staircase to the Orcish Mines.
 11305 | D:10     | Found a sacrificial altar of Ru.
 11563 | D:10     | Noticed a gargoyle
 11570 | D:10     | Banished a gargoyle
 12081 | Lair:1   | Entered Level 1 of the Lair of Beasts
 12169 | Lair:1   | Noticed a cane toad
 12171 | Lair:1   | Killed a cane toad
 12184 | Lair:1   | Noticed a cane toad
 12188 | Lair:1   | Killed a cane toad
 12189 | Lair:1   | Reached XP level 11. HP: 85/87 MP: 17/19
 12199 | Lair:1   | Noticed Maggie
 12202 | Lair:1   | Killed Maggie
 12203 | Lair:1   | Reached skill level 9 in Fighting
 12281 | Lair:1   | Noticed Grum
 12282 | Lair:1   | Noticed Nergalle
 12292 | Lair:1   | Reached skill level 5 in Conjurations
 12292 | Lair:1   | Reached skill level 5 in Hexes
 12292 | Lair:1   | Reached skill level 5 in Summonings
 12292 | Lair:1   | Reached skill level 5 in Necromancy
 12292 | Lair:1   | Reached skill level 5 in Translocations
 12292 | Lair:1   | Reached skill level 5 in Transmutations
 12292 | Lair:1   | Reached skill level 5 in Fire Magic
 12292 | Lair:1   | Reached skill level 5 in Ice Magic
 12292 | Lair:1   | Reached skill level 5 in Air Magic
 12292 | Lair:1   | Reached skill level 5 in Earth Magic
 12292 | Lair:1   | Reached skill level 5 in Poison Magic
 12293 | Lair:1   | Killed Nergalle
 12305 | Lair:1   | Banished Grum
 12306 | Lair:1   | HP: 4/89 [poisoned by a cane toad]
 12309 | Lair:1   | Slain by a cane toad

Illustrated notes

Levels and vault maps discovered:
D:1:      dpeg_arrival_stonehenge_12_columns, layout_basic,
          basic_ecumenical_altar
D:2:      layout_loops_corners, minmay_misc_feat_tower, lemuel_flame_loot_1
D:3:      layout_basic, mainiacjoe_overflow_alcove_1, gammafunk_ghost_cemetery,
          kennysheep_generic_room_12
D:4:      kennysheep_big_flooded_room, layout_rooms, serial_shops,
          kennysheep_mini_moat, columned_hall_lemuel, grunt_ministairs_8
D:5:      layout_cave_pools, kennysheep_minor_cross
D:6:      layout_loops_ring, minmay_temple_entry_offerings, serial_shops,
          nicolae_stop_n_shop_1
D:7:      layout_loops_ring, lemuel_round_altar, makhleb_grotto_becter,
          gammafunk_ghost_necromancy
D:8:      layout_basic, cheibrodos_ashenzari_chains, zin_statuary,
          minmay_stone_trees_small
D:9:      layout_roguey, lair_entry_dummy, uniq_erolcha
D:10:     layout_stronghold, nicolae_ru_the_path_less_chosen, orc_0_dummy
Lair:1:   layout_gridlike, gauntlet_entry_generic, lemuel_fruit_fields,
          lemuel_fruit_fields, uniq_gastronok, uniq_nergalle, uniq_grum,
          uniq_maggie

Skill      XL: |  1  2  3  4  5  6  7  8  9 10 11 |
---------------+----------------------------------+-----
Short Blades   | 1 2 3 4 5 6 |  6.1
Long Blades    | 1 2 3 4 5 6 |  6.1
Maces & Flails | 1 2 3 4 5 6 |  6.1
Polearms       | 1 2 3 4 5 6 |  6.1
Staves         | 1 2 3 4 5 6 |  6.1
Slings         | 1 2 3 4 5 6 |  6.1
Bows           | 1 2 3 4 5 6 |  6.1
Crossbows      | 1 2 3 4 5 6 |  6.1
Throwing       | 1 2 3 4 5 6 |  6.1
Stealth        | 1 2 3 4 5 6 |  6.1
Shields        | 1 2 3 4 5 6 |  6.1
Unarmed Combat | 1 2 3 4 5 6 |  6.1
Spellcasting   | 1 2 3 4 5 6 |  6.1
Evocations     | 1 2 3 4 5 6 |  6.1
Conjurations   | 1 2 3 4 5 |  5.1
Hexes          | 1 2 3 4 5 |  5.1
Summonings     | 1 2 3 4 5 |  5.1
Necromancy     | 1 2 3 4 5 |  5.1
Translocations | 1 2 3 4 5 |  5.1
Transmutations | 1 2 3 4 5 |  5.1
Fire Magic     | 1 2 3 4 5 |  5.1
Ice Magic      | 1 2 3 4 5 |  5.1
Air Magic      | 1 2 3 4 5 |  5.1
Earth Magic    | 1 2 3 4 5 |  5.1
Poison Magic   | 1 2 3 4 5 |  5.1
Dodging        | 3 4 5 6 |  6.7
Invocations    | 5 6 7 8 |  8.2
Axes           | 5 6 7 |  7.7
Armour         | 5 6 7 |  7.7
Fighting       | 7 8 9 |  9.1

Action                   |  1- 3 |  4- 6 |  7- 9 | 10-12 || total
-------------------------+-------+-------+-------+-------++-------
Melee: Hand axe          |    75 |   119 |   329 |   120 ||   643
       Bite              |     8 |     9 |    47 |    17 ||    81
       Punch             |     2 |     2 |     7 |     3 ||    14
       Arbalest          |       |       |    24 |       ||    24
 Fire: Arbalest          |       |     1 |    10 |    13 ||    24
Throw: Dart              |       |       |     2 |       ||     2
Invok: Depart the Abyss  |     1 |       |       |       ||     1
       Bend Space        |       |     3 |       |     9 ||    12
       Banish            |       |       |       |     2 ||     2
  Use: Scroll            |     4 |     7 |     8 |     6 ||    25
       Potion            |       |       |     1 |     3 ||     4
 Stab: Sleeping          |     2 |       |       |       ||     2
Armor: Leather armour    |    18 |    23 |       |       ||    41
       Ring mail         |       |    16 |    22 |       ||    38
       Chain mail        |       |       |   201 |   110 ||   311
Dodge: Dodged            |    50 |    58 |   151 |    83 ||   342
Block: Other             |       |    23 |    95 |    50 ||   168
       Reflection        |       |       |     3 |       ||     3

Table legend: (Time is in decaauts)
 A = Elapsed time spent in this place.
 B = Non-inter-level travel time spent in this place.
 C = Inter-level travel time spent in this place.
 D = Time resting spent in this place.
 E = Time spent auto-exploring this place.
 F = Levels seen in this place.
 G = Mean time per level.
                   A        B        C        D        E       F      G
               +--------+--------+--------+--------+--------+-----+--------+
         Total |  12350 |  11496 |    854 |   1424 |   8110 |  12 | 1029.2 |
       Dungeon |  12064 |  11210 |    854 |   1424 |   7923 |  10 | 1206.4 |
          Lair |    228 |    228 |      0 |      0 |    131 |   1 |  228.0 |
         Abyss |     57 |     57 |      0 |      0 |     56 |   1 |   57.0 |
               +--------+--------+--------+--------+--------+-----+--------+

Top non-repeatable levels by time:
     D:2: 2055 daAuts
     D:4: 1543 daAuts
     D:3: 1356 daAuts
     D:9: 1285 daAuts
    D:10: 1095 daAuts
     D:1: 1061 daAuts
     D:5: 1002 daAuts
     D:7: 913 daAuts
     D:6: 910 daAuts
     D:8: 839 daAuts
  Lair:1: 228 daAuts
 Abyss:1: 57 daAuts
